 Dungeon Crawl Stone Soup version 0.28-a0-245-g639a1a48b9 (webtiles) character file.

Game seed: 4729161069929650952

33049 Demosthentine the Impaler (level 13, -2/109 HPs)
             Began as a Merfolk Gladiator on Aug 24, 2021.
             Was a Follower of the Shining One.
             Slain by a molten gargoyle (3 damage)
             ... while petrified by a catoblepas
             ... in a Gauntlet.
             The game lasted 00:22:52 (19449 turns).

Demosthentine the Impaler (Merfolk Gladiator)      Turns: 19449, Time: 00:22:53

Health: -2/109     AC: 16    Str: 22    XL:     13   Next: 68%
Magic:  19/19      EV:  2    Int: 10    God:    the Shining One [*.....]
Gold:   599        SH:  0    Dex: 24    Spells: 12/12 levels left

rFire   . . .      SeeInvis .   a - +1 trident (venom)
rCold   . . .      Faith    .   O - +0 buckler {reflect}
rNeg    + + +      Spirit   .   B - +0 steam dragon scales
rPois   ∞          Reflect  +   c - +1 helmet
rElec   .          Harm     .   I - +0 cloak
rCorr   +          Rampage  .   t - +2 pair of gloves
Will    +....      NoTele   +   y - +2 pair of boots
Stlth   +.........              d - amulet "Cuofaut" {RegenMP rCorr}
HPRegen 0.28/turn               e - ring of willpower
MPRegen 0.41/turn               T - ring of Iceaphiu {Str+5 Int+3 Dex+6}

@: petrified, glowing, studying Hexes
A: (nimble swimmer 2), mertail
a: Renounce Religion


You were in a Gauntlet.
You worshipped the Shining One.
The Shining One was aware of your devotion.
You visited 2 branches of the dungeon, and saw 15 of its levels.
You also visited: Trove, Sewer, Bailey and Gauntlet.

You collected 866 gold pieces.
You spent 216 gold pieces at shops.
You donated 51 gold pieces to Zin.

Inventory:

Hand Weapons
 a - a +1 trident of venom (weapon)
 L - the +8 whip of Vorhuopt {vorpal, *Rage Fly rElec Will-}
   (You found it on level 10 of the Dungeon)

   It inflicts extra damage upon your enemies.
   rElec:     It insulates you from electricity.
   Fly:       It grants you flight.
   *Rage:     It may make you go berserk in combat.
   Will:      It decreases your willpower.
Missiles
 E - 6 datura-tipped darts (quivered)
Armour
 c - a +1 helmet (worn)
 t - a +2 pair of gloves (worn)
 y - a +2 pair of boots (worn)
 B - +0 steam dragon scales (worn)
 I - a +0 cloak (worn)
 O - a +0 buckler of reflection (worn)
Jewellery
 d - the amulet "Cuofaut" (around neck) {RegenMP rCorr}
   (You took it off a tengu warrior on level 11 of the Dungeon)

   [amulet of magic regeneration]

   It increases your rate of magic regeneration.
   rCorr:     It protects you from acid and corrosion.
 e - a ring of willpower (left hand)
 o - a ring of protection from cold
 A - a ring of protection from fire
 K - a ring of flight
 T - the ring of Iceaphiu (right hand) {Str+5 Int+3 Dex+6}
   (You found it in a Gauntlet)

   [ring of dexterity]

   Str:       It affects your strength (+5).
   Int:       It affects your intelligence (+3).
   Dex:       It affects your dexterity (+6).
Wands
 h - a wand of digging (12)
 z - a wand of flame (20)
 H - a wand of paralysis (6)
 N - a wand of acid (18)
 P - a wand of iceblast (17)
 Q - a wand of mindburst (13)
 R - a wand of charming (24)
Scrolls
 b - 4 scrolls of enchant weapon
 i - a scroll of brand weapon
 k - a scroll of enchant armour
 m - 8 scrolls of teleportation
 C - a scroll of blinking
 D - 5 scrolls of identify
 F - 4 scrolls of magic mapping
 J - 3 scrolls of holy word
Potions
 g - 4 potions of brilliance
 j - 5 potions of magic
 n - a potion of lignification
 p - 2 potions of resistance
 q - 2 potions of attraction
 r - 7 potions of curing
 s - a potion of berserk rage
 u - 3 potions of haste
 v - 4 potions of cancellation
 w - 4 potions of might
 x - 5 potions of flight
 G - 3 potions of mutation
 M - a potion of ambrosia
 S - a potion of heal wounds


   Skills:
 + Level 12.6 Fighting
 + Level 16.1 Polearms
 - Level 2.0 Throwing
 - Level 5.8 Armour
 + Level 14.9 Dodging
 - Level 4.0 Shields
 + Level 8.2 Invocations
 - Level 4.2 Evocations


You had 12 spell levels left.
You didn't know any spells.
Your spell library contained the following spells:

 Spells                   Type           Power      Damage    Failure   Level
 Freeze                   Ice            0%         1d3       36%         1
 Shock                    Conj/Air       0%         1d3       36%         1
 Call Canine Familiar     Summ           0%         N/A       75%         3
 Conjure Flame            Conj/Fire      0%         6-21      75%         3
 Frozen Ramparts          Ice            0%         1d2       75%         3
 Portal Projectile        Hex/Tloc       0%         N/A       75%         3
 Hailstorm                Conj/Ice       0%         3d3       98%         4
 Leda's Liquefaction      Hex/Erth       0%         N/A       98%         4
 Petrify                  Tmut/Erth      0%         N/A       98%         4
 Sticky Flame             Conj/Fire      0%         2d3       98%         4
 Fireball                 Conj/Fire      0%         3d3       100%        5
 Metabolic Englaciation   Hex/Ice        0%         N/A       100%        5
 Statue Form              Tmut/Erth      0%         N/A       100%        6
 Orb of Destruction       Conj           0%         N/A       100%        7


Dungeon Overview and Level Annotations

Branches:
Dungeon (14/15)            Temple (1/1) D:7            Lair (0/6) D:10
    Orc (0/2) D:9          Vaults (0/5) D:13          Sewer (visited)
 Bailey (visited)         Gauntlet (1/1)

Altars:
Ashenzari
Cheibriados
Dithmenos
Elyvilon
Fedhas
Gozag
Hepliaklqana
Kikubaaqudgha
Makhleb
Nemelex Xobeh
Okawaru
Qazlal
Ru
Sif Muna
Trog
Uskayaw
Vehumet
Wu Jian
Xom
Yredelemnul
Zin
The Shining One

Shops:
D:1 (*=   D:12 *[[?

Annotations:
D:3 3 runed translucent doors, noodleboyJ's ghost, amateur DrAK
D:6 1 runed translucent door
D:14 Suaj's ghost, journeyman DrCj Gauntlet 11 transporters, 21 runed translucent doors, exclusion: ice statue


Innate Abilities, Weirdness & Mutations

((You are quick and stealthy near water. (Stealth+, EV+, Speed+++)))
Your lower body shifts to a powerful aquatic tail in water.


Message History

You are engulfed in calcifying dust.
The molten gargoyle hits you with a +0 flail!!
You are engulfed in flames!
The catoblepas breathes a plume of calcifying dust at you.
The blast of calcifying dust hits you but does no damage.
The blast of calcifying dust hits the molten gargoyle but does no damage.
You are engulfed in calcifying dust.
The molten gargoyle hits you with a +0 flail!
You are engulfed in flames!
The catoblepas breathes a plume of calcifying dust at you.
The blast of calcifying dust hits you.
The blast of calcifying dust hits the molten gargoyle but does no damage.
You are engulfed in calcifying dust.
The molten gargoyle hits you with a +0 flail!
You are engulfed in flames!
The catoblepas gores you!!
You are engulfed in calcifying dust.
The molten gargoyle hits you with a +0 flail.
You are engulfed in flames!
The catoblepas gores you!!
The molten gargoyle hits you with a +0 flail!
* * * LOW HITPOINT WARNING * * *
You are engulfed in flames!
* * * LOW HITPOINT WARNING * * *
The catoblepas gores you but does no damage.
The molten gargoyle hits you with a +0 flail!
* * * LOW HITPOINT WARNING * * *
You are engulfed in flames!
* * * LOW HITPOINT WARNING * * *
The catoblepas gores you but does no damage.
The molten gargoyle hits you with a +0 flail!
* * * LOW HITPOINT WARNING * * *
You are engulfed in flames!
* * * LOW HITPOINT WARNING * * *
The catoblepas breathes a plume of calcifying dust at you.
The blast of calcifying dust hits you but does no damage.
The blast of calcifying dust hits the molten gargoyle but does no damage.
You are engulfed in calcifying dust.
The molten gargoyle hits you with a +0 flail.
* * * LOW HITPOINT WARNING * * *
You are engulfed in flames!
You die...

........≈.............≈#...#
.......≈8≈............∩#.8....
........≈.............≈#...##.
#######...###########..#.8.#
...#p(#...#9.![©)...#..#...#
..#...#...#.#.....#.####.8...
..#...#...#..#####..#©.....##
©#....###.#..##.##..####.8.#
###..©#©#.#...§9@Y9.#..#...#
.#.##5#.#.#..##.##..#..#≈8≈
#....##.#.#..#####..#..#
#.....#.#.#.#.....#.#..#
.....[#.#.#.........#..#
#######.#############..###
≈8≈≈≈≈#........©#......#8#
#######.#########.....≈#
.#..#.#.#..........#####


You could see a catoblepas (extremely poisoned), a molten gargoyle and a
gargoyle.

Vanquished Creatures
  A yaktaur captain (D:13)
  2 boulder beetles
  A death knight (D:14)
  A centaur warrior (D:14)
  4 two-headed ogres
  2 tengu warriors
  Sonja (D:10)
  The ghost of Spaninq the Ruffian, a novice DrTm of Sif Muna (D:6)
  A lindwurm (D:10)
  2 deep elf pyromancers
  2 wizards
  3 ugly things (D:11)
  2 cyclopes
  2 manticores
  A guardian serpent (shapeshifter) (D:11)
  An unseen horror (D:11)
  6 kobold demonologists (D:12)
  4 tengu conjurers
  2 yaktaurs
  A freezing wraith (D:14)
  A jumping spider (D:10)
  4 trolls
  A hornet (D:8)
  7 slime creatures
  2 redbacks (D:10)
  A vampire (D:11)
  3 shadows
  5 wraiths
  2 basilisks
  2 wyverns
  15 yaks
  4 steam dragons
  4 vampire mosquitoes (D:12)
  3 acid dragons
  2 water moccasins
  An ice beast (D:7)
  9 orc warriors
  A hornet zombie (D:7)
  4 necrophages
  2 ogres
  6 centaurs
  5 bullfrogs
  6 kobold brigands
  A gnoll sergeant (D:7)
  A wyvern zombie (D:5)
  4 scorpions
  2 water moccasin zombies (D:6)
  8 killer bees (D:9)
  3 jellies
  14 wights
  9 electric eels
  3 howler monkeys
  A lava snake (D:10)
  4 centaur zombies
  A gnoll shaman (D:9)
  A human zombie (D:7)
  6 orc priests
  A bullfrog skeleton (D:6)
  Jessica (D:3)
  Terence (D:2)
  3 iguanas
  9 orc wizards
  3 killer bee zombies
  A mummy (D:7)
  4 howler monkey zombies
  A howler monkey skeleton (D:7)
  14 gnolls
  6 adders
  3 river rats
  A shadow imp (Gauntlet)
  2 white imps
  An adder skeleton (D:4)
  A worm (D:2)
  2 dart slugs
  27 orcs
  3 endoplasms
  6 giant cockroaches
  14 goblins
  5 hobgoblins
  5 jackals
  7 quokkas
  12 ball pythons
  6 bats
  3 frilled lizards
  36 kobolds
  7 rats
373 creatures vanquished.

Vanquished Creatures (others)
  A yak (D:9)
  A kobold brigand (D:9)
  A bullfrog (D:9)
  A gnoll sergeant (D:9)
  A howler monkey (D:9)
  3 fungi (Gauntlet)
  70 plants
78 creatures vanquished.

Grand Total: 451 creatures vanquished

Notes
Turn   | Place    | Note
-------+----------+-------------------------------------------
     0 | D:1      | Demosthentine the Merfolk Gladiator began the quest for the
                  | Orb.
     0 | D:1      | Reached XP level 1. HP: 16/16 MP: 1/1
    53 | D:1      | Found Jiothets's Jewellery Shoppe.
    83 | D:1      | Reached XP level 2. HP: 23/23 MP: 2/2
   153 | D:1      | Found Qarphan's General Store.
   272 | D:1      | Found Afeuxug's Weapon Shop.
   520 | D:1      | Reached XP level 3. HP: 24/28 MP: 3/3
   846 | D:1      | Reached skill level 5 in Polearms
  1239 | D:2      | Found a faded altar of an unknown god.
  1497 | D:2      | Reached skill level 1 in Armour
  1579 | D:2      | Noticed Terence
  1597 | D:2      | Killed Terence
  1598 | D:2      | Reached XP level 4. HP: 5/35 MP: 4/4
  2556 | D:3      | Noticed Jessica
  2562 | D:3      | Killed Jessica
  2563 | D:3      | Reached skill level 5 in Dodging
  2606 | D:3      | Reached XP level 5. HP: 41/41 MP: 5/5
  2633 | D:3      | Found a runed translucent gate.
  2634 | D:3      | Found a runed translucent gate.
  2635 | D:3      | Found a runed translucent gate.
  2641 | D:3      | Noticed noodleboyJ's ghost (amateur DrAK)
  3761 | D:4      | Reached skill level 6 in Polearms
  3842 | D:4      | Noticed an ogre
  3851 | D:4      | Killed an ogre
  3852 | D:4      | Reached XP level 6. HP: 48/48 MP: 6/6
  4248 | D:5      | Entered Level 5 of the Dungeon
  4352 | D:5      | Found a glowing drain.
  4356 | Sewer    | Entered a sewer
  4580 | Sewer    | Reached XP level 7. HP: 50/55 MP: 7/7
  4649 | Sewer    | Reached skill level 7 in Polearms
  4852 | D:5      | Found a hide-covered altar of Uskayaw.
  4947 | D:5      | Found a snail-covered altar of Cheibriados.
  4957 | D:5      | Reached skill level 5 in Fighting
  5019 | D:5      | Reached XP level 8. HP: 62/62 MP: 8/8
  5128 | D:5      | Got the Guide on Attacks
  5566 | D:5      | Reached skill level 8 in Polearms
  5789 | D:5      | Reached skill level 11 in Polearms
  5789 | D:5      | Reached skill level 5 in Armour
  5789 | D:5      | Reached skill level 10 in Dodging
  5789 | D:5      | Reached XP level 9. HP: 75/75 MP: 9/9
  6060 | D:6      | Reached skill level 1 in Evocations
  6206 | D:6      | Found a runed translucent door.
  6212 | D:6      | Noticed Spaninq's ghost (novice DrTm)
  6241 | D:6      | Found a runed translucent door.
  6764 | D:6      | Reached skill level 12 in Polearms
  6992 | D:6      | Killed Spaninq's ghost
  6993 | D:6      | Reached XP level 10. HP: 76/83 MP: 10/10
  7026 | D:7      | Found a sacrificial altar of Ru.
  7110 | D:7      | Found a staircase to the Ecumenical Temple.
  7119 | Temple   | Entered the Ecumenical Temple
  7358 | Temple   | Became a worshipper of Zin the Law-Giver
  7358 | Temple   | Reached * piety under Zin
  7776 | D:7      | Reached ** piety under Zin
  8334 | D:7      | Found a basalt altar of Yredelemnul.
  8755 | D:8      | Found a hazy altar of Hepliaklqana.
  8779 | D:8      | Reached *** piety under Zin
  8855 | D:8      | Found a white marble altar of Elyvilon.
  9088 | D:8      | Found a shadowy altar of Dithmenos.
  9119 | D:8      | Reached **** piety under Zin
  9282 | D:8      | Noticed a manticore
  9292 | D:8      | Killed a manticore
  9293 | D:8      | Reached skill level 10 in Fighting
  9293 | D:8      | Reached skill level 13 in Polearms
  9293 | D:8      | Reached XP level 11. HP: 53/90 MP: 11/11
  9745 | D:8      | Found a glowing golden altar of the Shining One.
  9859 | D:8      | Fell from the grace of Zin
  9859 | D:8      | Became a worshipper of the Shining One
  9859 | D:8      | Reached * piety under the Shining One
  9859 | D:8      | Reached ** piety under the Shining One
  9900 | D:9      | Noticed a cyclops
  9900 | D:9      | Found a shimmering altar of Xom.
  9935 | D:9      | Paralysed by a hornet for 3 turns
  9950 | D:8      | Reached skill level 1 in Invocations
 10214 | D:8      | Killed a cyclops
 10831 | D:9      | You fall into a shaft and drop 3 floors!
 10831 | D:12     | Reached *** piety under the Shining One
 10979 | D:12     | Noticed a two-headed ogre
 10982 | D:12     | Found Jolinusa's Antique Armour Emporium.
 11000 | D:12     | Killed a two-headed ogre
 11027 | D:12     | Found Moem Uge's General Store.
 11058 | D:12     | Found a flagged portal.
 11069 | Bailey   | Entered a bailey
 11284 | Bailey   | Identified the ring of Qistiech {Ice *Corrode rN+ Str+2
                  | SInv}
 11333 | Bailey   | Found a bloodstained altar of Trog.
 11436 | D:11     | Reached skill level 14 in Polearms
 11805 | D:10     | Entered Level 10 of the Dungeon
 11805 | D:10     | Noticed Sonja
 11852 | D:11     | Noticed a white ugly thing
 11868 | D:11     | Reached XP level 12. HP: 51/100 MP: 15/15
 11879 | D:11     | The Shining One protects you from harm!
 11888 | D:11     | Reached skill level 1 in Shields
 12443 | D:10     | Reached skill level 5 in Invocations
 13313 | D:9      | Found a staircase to the Orcish Mines.
 13624 | D:10     | Found a stormy altar of Qazlal.
 13625 | D:10     | Found a staircase to the Lair.
 13626 | D:10     | Found a broken altar of Ashenzari.
 13635 | D:10     | Noticed a two-headed ogre
 13646 | D:10     | Killed a two-headed ogre
 13904 | D:10     | Killed Sonja
 14392 | D:10     | Found a runed translucent door.
 14508 | D:10     | Found a runed translucent gate.
 14510 | D:10     | Found a runed translucent gate.
 14511 | D:10     | Found a runed translucent gate.
 14511 | D:10     | Found a runed translucent gate.
 14511 | D:10     | Found a runed translucent gate.
 14511 | D:10     | Identified the +8 whip of Vorhuopt {vorpal, *Rage Fly rElec
                  | Will-}
 14511 | D:10     | Noticed a boulder beetle
 14516 | D:10     | Found a runed translucent gate.
 14551 | D:10     | Killed a boulder beetle
 14996 | D:11     | Reached skill level 15 in Polearms
 15483 | D:11     | Identified the amulet "Cuofaut" {RegenMP rCorr}
 15483 | D:11     | Noticed a tengu warrior
 15499 | D:11     | Killed a tengu warrior
 15510 | D:11     | Reached XP level 13. HP: 23/107 MP: 18/18
 15985 | D:12     | Found Qutzyexi's Armour Shoppe.
 15993 | D:12     | Bought a +0 buckler of reflection for 136 gold pieces
 16182 | D:12     | Found a shimmering blue altar of Sif Muna.
 16221 | D:12     | Reached **** piety under the Shining One
 16614 | D:12     | Found Neelumeosh's Magic Scroll Shoppe.
 16620 | D:12     | Bought a scroll of teleportation for 48 gold pieces
 16620 | D:12     | Bought a scroll of identify for 32 gold pieces
 17411 | D:13     | Noticed a yaktaur captain
 17443 | D:13     | Killed a yaktaur captain
 17902 | D:13     | Found a gate to the Vaults.
 17936 | D:13     | Found a portal to a secret trove of treasure.
 17951 | Trove    | Entered a treasure trove
 18206 | D:14     | Noticed Suaj's ghost (journeyman DrCj)
 18474 | D:14     | Found a gate leading to a gauntlet.
 18484 | D:14     | Reached skill level 16 in Polearms
 18496 | Gauntlet | Entered a Gauntlet
 18496 | Gauntlet | Found a transporter.
 18496 | Gauntlet | Found a transporter.
 18738 | Gauntlet | Found a transporter.
 18738 | Gauntlet | Found a transporter.
 18747 | Gauntlet | Found a transporter.
 18751 | Gauntlet | Found a large runed translucent door.
 18762 | Gauntlet | Found a transporter.
 18770 | Gauntlet | Found a transporter.
 18770 | Gauntlet | Found a transporter.
 18773 | Gauntlet | Found a transporter.
 18800 | Gauntlet | Found a transporter.
 18807 | Gauntlet | Found a transporter.
 18825 | Gauntlet | Found a transporter.
 18870 | Gauntlet | Found a transporter.
 18888 | Gauntlet | Found a transporter.
 18986 | Gauntlet | Found a transporter.
 18988 | Gauntlet | Found a large runed translucent door.
 18988 | Gauntlet | Found a large runed translucent door.
 18989 | Gauntlet | Found a large runed translucent door.
 18989 | Gauntlet | Found a large runed translucent door.
 18990 | Gauntlet | Found a large runed translucent door.
 18990 | Gauntlet | Found a runed translucent door.
 18990 | Gauntlet | Found a runed translucent door.
 18990 | Gauntlet | Found a large runed translucent door.
 18990 | Gauntlet | Found a large runed translucent door.
 18991 | Gauntlet | Found a large runed translucent door.
 18991 | Gauntlet | Found a large runed translucent door.
 18994 | Gauntlet | Found a large runed translucent door.
 18994 | Gauntlet | Found a large runed translucent door.
 18996 | Gauntlet | Found a large runed translucent door.
 18996 | Gauntlet | Found a large runed translucent door.
 18996 | Gauntlet | Found a large runed translucent door.
 18998 | Gauntlet | Found a runed translucent gate.
 18998 | Gauntlet | Found a runed translucent gate.
 18998 | Gauntlet | Found a runed translucent gate.
 19000 | Gauntlet | Found a transporter.
 19011 | Gauntlet | Found a large runed translucent door.
 19399 | Gauntlet | Identified the ring of Iceaphiu {Str+5 Int+3 Dex+6}
 19448 | Gauntlet | HP: 4/109 [molten gargoyle (5)]
 19449 | Gauntlet | HP: 1/109 [molten gargoyle (3)]
 19449 | Gauntlet | Slain by a molten gargoyle

Illustrated notes

Levels and vault maps discovered:
D:1:      shiori_arrival_oz, layout_basic, serial_shops, shop, shop_fountains,
          shop
D:2:      layout_basic, shapermc_ecumenical_altar_mp_ritualfount, uniq_terence
D:3:      layout_rooms, gammafunk_ghost_necromancy, uniq_jessica
D:4:      layout_rooms, st_stairs_4, minmay_goblin_kobold_house
D:5:      layout_basic, mainiacjoe_overflow_catch_the_wave, gup_sewer_entry_bowl
D:6:      layout_cave_pools, ebering_ghost_sewer_f,
          hangedman_abyss_or_decor_slice
D:7:      layout_gridville, lemuel_mausoleum_altar_yredelemnul,
          mainiacjoe_overflow_cross_hatched,
          minmay_temple_entry_statues_fountains
D:8:      layout_gridville, mainiacjoe_overflow_surrounded_room,
          nicolae_dithmenos_shadow_blocks, tso_oasis_becter,
          mainiacjoe_overflow_small_starburst
D:9:      layout_basic, xom_confusion_cloud, orc_david_3, serial_glass,
          glass_columns_a, glass_columns_a, glass_columns_c, glass_columns_b,
          glass_columns_c, glass_columns_b, glass_columns_a, glass_columns_c,
          feat_on_display, feat_on_display, due_unseen_surprise,
          corexii_corridor_pit
D:10:     gammafunk_indiana_jones, layout_basic,
          chequers_temple_overflow_statue_of_worship, lair_entry_dummy,
          serial_bayou, serial_bayou_lagoon_a, serial_bayou_ford_a,
          serial_bayou_shore_a, serial_bayou_lake_a, uniq_sonja
D:11:     minmay_the_grid_triangle_9x9_recursive_2
          [minmay_the_grid_triangle_9x9_prize_schism,
          minmay_the_grid_triangle_9x9_descending_squares,
          minmay_the_grid_triangle_9x9_impossible_snake,
          minmay_the_grid_triangle_9x9_windchime], layout_rooms
D:12:     layout_loops_cross, serial_shops,
          nicolae_shop_temple_entry_statues_fountains, shop,
          nicolae_shop_waterfront, shop, enter_bailey_3, palyth_stone_intersect,
          nicolae_sif_muna_little_library
D:13:     layout_rooms, david_vaults_2, enter_trove_2
D:14:     lemuel_flame_loot_2, layout_loops_corners, kennysheep_another_room,
          gauntlet_entry_generic, gammafunk_ghost_mausoleum
Temple:   grunt_temple_mini_profane
Gauntlet: gammafunk_gauntlet_branching [gammafunk_gauntlet_arena_hedges,
          gammafunk_gauntlet_arena_open,
          minmay_gauntlet_arena_make_your_own_arena,
          gammafunk_gauntlet_arena_teeth, nicolae_gauntlet_swirl,
          gammafunk_gauntlet_arena_arrow_garden,
          nicolae_gauntlet_arena_flowing_pool, nicolae_gauntlet_arena_blocks,
          gauntlet_exit_watery]

Skill      XL: |  1  2  3  4  5  6  7  8  9 10 11 12 13 |
---------------+----------------------------------------+-----
Polearms       | 5 6 7 11 12 13 14 15 16 | 16.1
Armour         | 1 2 3 5 |  5.8
Fighting       | 3 4 5 8 9 10 11 12 | 12.6
Dodging        | 5 6 7 10 11 12 13 14 | 14.9
Evocations     | 2 4 |  4.2
Invocations    | 4 6 8 |  8.2
Shields        | 4 |  4.0
Throwing       | |  2.0

Action                   |  1- 3 |  4- 6 |  7- 9 | 10-12 | 13-15 || total
-------------------------+-------+-------+-------+-------+-------++-------
Melee: Trident           |   121 |   219 |   247 |   981 |   397 ||  1965
       Tailslap          |       |     2 |     7 |    23 |       ||    32
Throw: Throwing net      |     1 |       |       |     3 |       ||     4
       Dart              |       |       |       |       |     2 ||     2
Invok: Divine Shield     |       |       |       |     2 |       ||     2
  Use: Scroll            |     3 |     5 |     8 |    10 |     2 ||    28
       Potion            |       |     3 |     2 |     3 |     1 ||     9
 Stab: Sleeping          |     3 |     9 |     3 |     5 |       ||    20
       Distracted        |       |       |     1 |     1 |       ||     2
Armor: Leather armour    |    27 |    49 |    32 |    34 |       ||   142
       Steam dragon scal |       |       |       |   102 |    52 ||   154
Dodge: Dodged            |    54 |   163 |   145 |   708 |   192 ||  1262
Block: Other             |       |       |       |    16 |       ||    16
       Buckler           |       |       |       |     4 |    72 ||    76
       Reflection        |       |       |       |       |     1 ||     1

Table legend: (Time is in decaauts)
 A = Elapsed time spent in this place.
 B = Non-inter-level travel time spent in this place.
 C = Inter-level travel time spent in this place.
 D = Time resting spent in this place.
 E = Time spent auto-exploring this place.
 F = Levels seen in this place.
 G = Mean time per level.
                   A        B        C        D        E       F      G
               +--------+--------+--------+--------+--------+-----+--------+
         Total |  18773 |  18327 |    446 |   1117 |  13438 |  19 |  988.1 |
       Dungeon |  16956 |  16532 |    424 |   1117 |  12263 |  14 | 1211.1 |
        Temple |    261 |    239 |     22 |      0 |    185 |   1 |  261.0 |
         Trove |     45 |     45 |      0 |      0 |     30 |   1 |   45.0 |
         Sewer |    293 |    293 |      0 |      0 |    178 |   1 |  293.0 |
        Bailey |    285 |    285 |      0 |      0 |    177 |   1 |  285.0 |
      Gauntlet |    931 |    931 |      0 |      0 |    604 |   1 |  931.0 |
               +--------+--------+--------+--------+--------+-----+--------+

Top non-repeatable levels by time:
    D:11: 2073 daAuts
    D:12: 1691 daAuts
     D:8: 1628 daAuts
    D:10: 1505 daAuts
     D:9: 1286 daAuts
     D:5: 1222 daAuts
     D:7: 1214 daAuts
     D:1: 1212 daAuts
     D:2: 1202 daAuts
     D:6: 1166 daAuts
     D:4: 941 daAuts
Gauntlet: 931 daAuts
     D:3: 903 daAuts
    D:13: 620 daAuts
   Sewer: 293 daAuts
